 Dungeon Crawl Stone Soup version 0.29-a0-284-gf9362112df (webtiles) character file.

Game seed: 18437000003618789164

2475 hellse the Quickloader (level 9, -5/69 (70) HPs)
             Began as a Gnoll Hunter on Mar 24, 2022.
             Was a Follower of Cheibriados.
             Killed from afar by a gargoyle (20 damage)
             ... with a stone arrow
             ... on level 8 of the Dungeon.
             The game lasted 00:10:29 (7422 turns).

hellse the Quickloader (Gnoll Hunter)               Turns: 7422, Time: 00:10:30

HP:   -5/69 (70)    AC: 11    Str: 14    XL:     9   Next: 51%
MP:   15/15         EV: 12    Int: 11    God:    Cheibriados [*.....]
Gold: 320           SH:  0    Dex: 20    Spells: 16/16 levels left

rFire   . . .      SeeInvis .   f - +0 arbalest
rCold   + + +      Faith    .   (shield currently unavailable)
rNeg    . . .      Spirit   .   o - +2 scale mail {rC+}
rPois   .          Reflect  .   (no helmet)
rElec   .          Harm     .   w - +0 cloak
rCorr   .          Rampage  .   (no gloves)
Will    .....                   g - +0 pair of boots
Stlth   ++........              (no amulet)
HPRegen 0.21/turn               k - ring of protection from cold
MPRegen 0.14/turn               B - ring of protection from cold

@: lightly drained, very slow
A: fangs 1, strong nose, distributed training
a: Renounce Religion, Bend Time


You were on level 8 of the Dungeon.
You worshipped Cheibriados.
Cheibriados was aware of your devotion.
You visited 1 branch of the dungeon, and saw 8 of its levels.

You collected 320 gold pieces.

Inventory:

Hand Weapons
 a - a +1 hand crossbow
 f - a +0 arbalest (weapon)
 p - a +1 falchion of freezing
 r - a +4 hand axe of freezing
Missiles
 h - 2 javelins
Armour
 g - a +0 pair of boots (worn)
 o - a +2 scale mail of cold resistance (worn)
 s - a +2 robe of fire resistance
 w - a +0 cloak (worn)
Jewellery
 k - a ring of protection from cold (left hand)
 B - a ring of protection from cold (right hand)
Wands
 y - a wand of iceblast (7)
Scrolls
 b - a scroll of enchant armour
 c - 2 scrolls of immolation
 i - 2 scrolls of noise {unknown}
 t - a scroll of fear {unknown}
 u - a scroll of silence {unknown}
 v - a scroll of summoning {unknown}
 x - 2 scrolls of fog
Potions
 d - 2 potions of lignification {unknown}
 e - 2 potions of curing
 j - a potion of attraction
 l - a potion of mutation {unknown}
 m - a potion of cancellation
 n - a potion of heal wounds {unknown}
 q - a potion of brilliance {unknown}
 A - a potion of haste {unknown}


   Skills:
 + Level 6.3 Fighting
 + Level 4.3 Short Blades
 + Level 4.3 Long Blades
 + Level 4.3 Axes
 + Level 4.3 Maces & Flails
 + Level 4.3 Polearms
 + Level 4.3 Staves
 + Level 4.3 Slings
 + Level 4.3 Bows
 + Level 9.6 Crossbows
 + Level 4.3 Throwing
 + Level 4.3 Armour
 + Level 6.3 Dodging
 + Level 5.0 Stealth
 + Level 4.3 Shields
 + Level 4.3 Unarmed Combat
 + Level 4.3 Spellcasting
 + Level 3.5 Conjurations
 + Level 3.5 Hexes
 + Level 3.5 Summonings
 + Level 3.5 Necromancy
 + Level 3.5 Translocations
 + Level 3.5 Transmutations
 + Level 3.5 Fire Magic
 + Level 3.5 Ice Magic
 + Level 3.5 Air Magic
 + Level 3.5 Earth Magic
 + Level 3.5 Poison Magic
 + Level 4.7 Invocations
 + Level 4.3 Evocations


You had 16 spell levels left.
You didn't know any spells.
Your spell library contained the following spells:

 Spells                   Type           Power      Damage    Failure   Level
 Animate Skeleton         Necr           20%        N/A       22%         1
 Apportation              Tloc           20%        N/A       22%         1
 Magic Dart               Conj           40%        1d5       22%         1
 Sting                    Tmut/Pois      40%        1d5       22%         1
 Summon Small Mammal      Summ           40%        N/A       22%         1
 Poisonous Vapours        Pois/Air       20%        N/A       32%         2
 Static Discharge         Conj/Air       10%        N/A       32%         2
 Ignite Poison            Fire/Tmut/Pois 10%        N/A       54%         3
 Mephitic Cloud           Conj/Pois/Air  10%        N/A       54%         3
 Ozocubu's Armour         Ice            10%        N/A       54%         3
 Stone Arrow              Conj/Erth      20%        3d8       54%         3
 Olgreb's Toxic Radiance  Pois           10%        N/A       91%         4
 Borgnjor's Vile Clutch   Necr/Erth      5%         N/A       99%         5
 Freezing Cloud           Conj/Ice/Air   5%         6-21      99%         5
 Lightning Bolt           Conj/Air       5%         1d17      99%         5
 Ozocubu's Refrigeration  Ice            5%         4d6       100%        7
 Maxwell's Capacitive Co  Air            5%         ∞         100%        8
 Death's Door             Necr           5%         N/A       100%        9


Dungeon Overview and Level Annotations

Branches:
Dungeon (8/15)             Temple (0/1) D:7
   Lair: D:8-11

Altars:
Ashenzari
Cheibriados
Dithmenos
Fedhas
Nemelex Xobeh
Okawaru
Qazlal
Ru
Sif Muna
Uskayaw
Wu Jian
Xom
The Shining One

Shops:
D:6 (


Innate Abilities, Weirdness & Mutations

You have very sharp teeth.
Your uncanny sense of smell can sniff out nearby items.
Your experience applies equally to all skills.


Message History

You shoot a bolt. The bolt hits the efreet.
The efreet is moderately wounded.
A centaur warrior comes into view.
The efreet hits you with a +0 scimitar of flaming.
The efreet burns you. The centaur warrior hits you.
The centaur warrior closely misses you.
Unknown command.
A gargoyle comes into view. It is wielding a +0 mace.
The efreet gestures at you.
The fireball explodes!
The fireball engulfs you! The centaur warrior misses you.
The centaur warrior kicks you but does no damage.
The gargoyle barely misses you.
You hear a shout!
Unknown command.
Okay, then.
Are you sure you want to abandon this character and quit the game? (Confirm with "yes".)
Okay, then.
Really attack while wielding your +0 arbalest? [Y]es or [N]o only, please.
Really attack while wielding your +0 arbalest? [Y]es or [N]o only, please.
Really attack while wielding your +0 arbalest? [Y]es or [N]o only, please.
Really attack while wielding your +0 arbalest? [Y]es or [N]o only, please.
Really attack while wielding your +0 arbalest?
Okay, then.
As you read the scroll labelled NEQAOGG UKOSH, it crumbles to dust.
The scroll dissolves into smoke.
It was a scroll of fog.
The centaur warrior hits you.
The centaur warrior completely misses you.
The gargoyle hits you with a +0 mace.
The centaur warrior wields a +0 longbow.
The centaur warrior shoots an arrow.
The arrow barely misses you.
The centaur warrior shoots an arrow.
The arrow hits you!!
* * * LOW HITPOINT WARNING * * *
The gargoyle hurls a stone arrow at you.
The stone arrow hits you!!
You die...

∆ ∆ .. ### #. ... #.
..## ##+####### +#
#.##.#. #..##..#). #.# ∆
##.##.#.##.#.#.##○○#.#
#..##.##..##..## ##R#
#.##.##.#..##§###c#.#
##..#.')##.###§§@§#.#.#
#..#..#..##.∆#####9#.#.#
#.#.#.###.#.# #§#.#.#
...##.# ..#. #.#.#$.
#>###.# ##.. ∆ #.##u|#
#.###.###
#########+#####
......... ..#........
##.#..... #.#.#####.#
##.# #### #.#.......#


You could see a centaur warrior and a gargoyle.

Vanquished Creatures
  Grinder (D:3)
  A yak (D:7)
  A water moccasin (D:6)
  A sky beast (D:7)
  2 black bears (D:7)
  An ogre (D:5)
  3 phantoms (D:5)
  A kobold brigand (D:7)
  2 bullfrogs (D:6)
  3 necrophages
  3 scorpions (D:5)
  5 wights
  2 hounds
  A jelly (D:7)
  5 orc priests
  Jessica (D:2)
  Terence (D:3)
  3 iguanas
  4 orc wizards
  8 adders
  A shadow imp (D:6)
  2 white imps
  A worm (D:3)
  3 dart slugs
  22 orcs
  3 bats
  3 endoplasms
  6 goblins
  3 hobgoblins
  9 jackals
  A quokka (D:2)
  7 ball pythons
  10 kobolds
  5 rats
125 creatures vanquished.

Notes
Turn   | Place    | Note
-------+----------+-------------------------------------------
     0 | D:1      | hellse the Gnoll Hunter began the quest for the Orb.
     0 | D:1      | Reached XP level 1. HP: 20/20 MP: 1/1
     2 | D:1      | Noticed a demigod
     2 | D:1      | Noticed a gargoyle
     4 | D:1      | Noticed a spriggan
     6 | D:1      | Noticed an octopode
     8 | D:1      | Noticed a vine stalker
     8 | D:1      | Noticed a naga
    13 | D:1      | Noticed a minotaur
    15 | D:1      | Noticed an ogre
    15 | D:1      | Noticed a felid
    17 | D:1      | Noticed a formicid
    17 | D:1      | Noticed a troll
    19 | D:1      | Noticed an elf
    19 | D:1      | Noticed a merfolk
    21 | D:1      | Noticed a tengu
    21 | D:1      | Noticed a dwarf
    23 | D:1      | Noticed a vampire
    23 | D:1      | Noticed a ghoul
    25 | D:1      | Noticed a demonspawn
    25 | D:1      | Noticed a draconian
    27 | D:1      | Noticed a human
   146 | D:1      | Reached XP level 2. HP: 26/26 MP: 2/2
   550 | D:1      | Reached XP level 3. HP: 31/31 MP: 3/3
  1006 | D:2      | Found a hide-covered altar of Uskayaw.
  1449 | D:2      | Reached skill level 1 in Invocations
  1592 | D:2      | Noticed Jessica
  1599 | D:2      | Killed Jessica
  1600 | D:2      | Reached skill level 1 in Short Blades
  1600 | D:2      | Reached skill level 1 in Long Blades
  1600 | D:2      | Reached skill level 1 in Axes
  1600 | D:2      | Reached skill level 1 in Maces & Flails
  1600 | D:2      | Reached skill level 1 in Polearms
  1600 | D:2      | Reached skill level 1 in Staves
  1600 | D:2      | Reached skill level 1 in Slings
  1600 | D:2      | Reached skill level 1 in Bows
  1600 | D:2      | Reached skill level 1 in Throwing
  1600 | D:2      | Reached skill level 1 in Armour
  1600 | D:2      | Reached skill level 1 in Shields
  1600 | D:2      | Reached skill level 1 in Unarmed Combat
  1600 | D:2      | Reached skill level 1 in Spellcasting
  1600 | D:2      | Reached skill level 1 in Evocations
  1600 | D:2      | Reached XP level 4. HP: 35/38 MP: 5/5
  1944 | D:3      | Noticed Terence
  1960 | D:3      | Reached skill level 1 in Conjurations
  1960 | D:3      | Reached skill level 1 in Hexes
  1960 | D:3      | Reached skill level 1 in Summonings
  1960 | D:3      | Reached skill level 1 in Necromancy
  1960 | D:3      | Reached skill level 1 in Translocations
  1960 | D:3      | Reached skill level 1 in Transmutations
  1960 | D:3      | Reached skill level 1 in Fire Magic
  1960 | D:3      | Reached skill level 1 in Ice Magic
  1960 | D:3      | Reached skill level 1 in Air Magic
  1960 | D:3      | Reached skill level 1 in Earth Magic
  1960 | D:3      | Reached skill level 1 in Poison Magic
  1968 | D:3      | Killed Terence
  1969 | D:3      | Reached XP level 5. HP: 28/43 MP: 6/6
  2509 | D:5      | Entered Level 5 of the Dungeon
  2523 | D:5      | Found a stormy altar of Qazlal.
  2578 | D:5      | Reached XP level 6. HP: 50/50 MP: 8/8
  2605 | D:5      | Reached skill level 5 in Fighting
  2605 | D:5      | Reached skill level 5 in Dodging
  2671 | D:5      | Reached XP level 7. HP: 56/56 MP: 10/10
  3310 | D:5      | Reached skill level 9 in Crossbows
  3371 | D:5      | Reached XP level 8. HP: 53/63 MP: 10/12
  3420 | D:5      | Got Beraem's Disquisition on Stolen Souls and Battle Magic
  4116 | D:6      | Found Obbi's Weapon Shop.
  4476 | D:7      | Found a sacrificial altar of Ru.
  4536 | D:7      | Found a shimmering altar of Xom.
  4612 | D:7      | Reached XP level 9. HP: 8/69 MP: 14/14
  4933 | D:7      | Found a shadowy altar of Dithmenos.
  4933 | D:7      | Found a glowing golden altar of the Shining One.
  4933 | D:7      | Found a snail-covered altar of Cheibriados.
  4938 | D:7      | Found an ornate altar of the Wu Jian Council.
  4940 | D:7      | Became a worshipper of Cheibriados the Contemplative
  5105 | D:3      | Noticed Grinder
  5109 | D:3      | Killed Grinder
  6195 | D:7      | Found a staircase to the Ecumenical Temple.
  6237 | D:7      | HP: 2/69 [sky beast (6)]
  6545 | D:7      | Reached * piety under Cheibriados
  6586 | D:7      | Found a hide-covered altar of Uskayaw.
  6744 | D:7      | Found a sparkling altar of Nemelex Xobeh.
  6744 | D:7      | Found a broken altar of Ashenzari.
  6744 | D:7      | Found a shimmering blue altar of Sif Muna.
  6750 | D:7      | Found an iron altar of Okawaru.
  6873 | D:7      | Reached skill level 5 in Stealth
  7227 | D:8      | Found a blossoming altar of Fedhas.
  7416 | D:8      | Noticed an efreet
  7416 | D:8      | Noticed a brown ugly thing
  7419 | D:8      | Noticed a centaur warrior
  7420 | D:8      | Noticed a gargoyle
  7422 | D:8      | Killed from afar by a gargoyle

Illustrated notes

Levels and vault maps discovered:
D:1:      kb_arrival_jail, layout_loops_cross
D:2:      layout_loops_corners, basic_altar, uniq_jessica
D:3:      layout_basic, chequers_avenue, minmay_misc_feat_five,
          serial_bayou_pond_e, uniq_grinder, uniq_terence
D:4:      layout_cave_pools
D:5:      layout_cave_pools, mainiacjoe_overflow_concentric_impassable
D:6:      layout_basic, serial_shops, shop_statue
D:7:      layout_basic, xom_teletrap_fun, nicolae_ru_awakened_eye,
          nicolae_uskayaw_murder_on_the_dancefloor,
          nicolae_overflow_hallway_of_the_gods, minmay_temple_entry_purple_smoke
D:8:      minmay_the_grid_plus [minmay_the_grid_medium_cups,
          minmay_the_grid_all_tris, minmay_the_grid_spikes,
          minmay_the_grid_holed_spiral,
          minmay_the_grid_prize_four_corners_diamond_b], layout_loops_ring,
          mainiacjoe_overflow_alcove_4, dreamdust_wishing_well, hex_large

Skill      XL: |  1  2  3  4  5  6  7  8  9 |
---------------+----------------------------+-----
Invocations    | 1 2 3 4 |  4.7
Short Blades   | 1 2 3 4 |  4.3
Long Blades    | 1 2 3 4 |  4.3
Axes           | 1 2 3 4 |  4.3
Maces & Flails | 1 2 3 4 |  4.3
Polearms       | 1 2 3 4 |  4.3
Staves         | 1 2 3 4 |  4.3
Slings         | 1 2 3 4 |  4.3
Bows           | 1 2 3 4 |  4.3
Throwing       | 1 2 3 4 |  4.3
Armour         | 1 2 3 4 |  4.3
Shields        | 1 2 3 4 |  4.3
Unarmed Combat | 1 2 3 4 |  4.3
Spellcasting   | 1 2 3 4 |  4.3
Evocations     | 1 2 3 4 |  4.3
Conjurations   | 1 2 3 |  3.5
Hexes          | 1 2 3 |  3.5
Summonings     | 1 2 3 |  3.5
Necromancy     | 1 2 3 |  3.5
Translocations | 1 2 3 |  3.5
Transmutations | 1 2 3 |  3.5
Fire Magic     | 1 2 3 |  3.5
Ice Magic      | 1 2 3 |  3.5
Air Magic      | 1 2 3 |  3.5
Earth Magic    | 1 2 3 |  3.5
Poison Magic   | 1 2 3 |  3.5
Stealth        | 3 4 5 |  5.0
Fighting       | 5 6 |  6.3
Dodging        | 5 6 |  6.3
Crossbows      | 9 |  9.6

Action                   |  1- 3 |  4- 6 |  7- 9 || total
-------------------------+-------+-------+-------++-------
Melee: Arbalest          |       |       |     1 ||     1
 Fire: Hand crossbow     |    65 |    77 |       ||   142
       Arbalest          |       |     9 |   219 ||   228
  Use: Scroll            |       |     4 |     4 ||     8
       Potion            |       |     1 |     3 ||     4
Armor: Leather armour    |     4 |       |       ||     4
       Scale mail        |       |     6 |   101 ||   107
Dodge: Dodged            |    16 |    16 |   123 ||   155

Table legend: (Time is in decaauts)
 A = Elapsed time spent in this place.
 B = Non-inter-level travel time spent in this place.
 C = Inter-level travel time spent in this place.
 D = Time resting spent in this place.
 E = Time spent auto-exploring this place.
 F = Levels seen in this place.
 G = Mean time per level.
                   A        B        C        D        E       F      G
               +--------+--------+--------+--------+--------+-----+--------+
         Total |   8104 |   7499 |    605 |   1645 |   4865 |   8 | 1013.0 |
       Dungeon |   8104 |   7499 |    605 |   1645 |   4865 |   8 | 1013.0 |
               +--------+--------+--------+--------+--------+-----+--------+

Top non-repeatable levels by time:
     D:7: 1673 daAuts
     D:3: 1339 daAuts
     D:5: 1134 daAuts
     D:6: 1009 daAuts
     D:2: 871 daAuts
     D:4: 868 daAuts
     D:1: 853 daAuts
     D:8: 353 daAuts
